 Dungeon Crawl Stone Soup version 0.28-a0-1404-g4df0f3684d (webtiles) character file.

Game seed: 17866890502266246856

47 ryw the Shooter (level 3, -3/28 HPs)
             Began as a Demonspawn Hunter on Jan 6, 2022.
             Slain by a worm (8 damage)
             ... on level 2 of the Dungeon.
             The game lasted 00:01:27 (823 turns).

ryw the Shooter (Demonspawn Hunter)                  Turns: 823, Time: 00:01:28

Health: -3/28      AC:  5    Str: 12    XL:     3   Next: 48%
Magic:  3/3        EV: 12    Int: 14    God:
Gold:   43         SH:  0    Dex: 13    Spells: 2/2 levels left

rFire   . . .      SeeInvis .   b - +0 short sword
rCold   . . .      Faith    .   (no shield)
rNeg    . . .      Spirit   .   c - +0 leather armour
rPois   .          Reflect  .   (no helmet)
rElec   .          Harm     .   (no cloak)
rCorr   .          Rampage  .   g - +0 pair of gloves
Will    .....                   (no boots)
Stlth   +.........              (no amulet)
HPRegen 0.09/turn               (no ring)
MPRegen 0.08/turn               (no ring)

@: no status effects
A: powered by pain 1, sharp scales 1
a: no special abilities


You were on level 2 of the Dungeon.
You visited 1 branch of the dungeon, and saw 2 of its levels.

You collected 43 gold pieces.

Inventory:

Hand Weapons
 a - a +1 shortbow
 b - a +0 short sword (weapon)
Missiles
 d - 13 arrows
Armour
 c - a +0 leather armour (worn)
 g - a +0 pair of gloves (worn)
Scrolls
 f - a scroll of vulnerability {unknown}
Potions
 e - 2 potions of magic {unknown}
 h - a potion of brilliance {unknown}


   Skills:
 + Level 2.7 Fighting
 + Level 4.0 Bows
 + Level 2.5 Dodging
 - Level 0.8 Stealth


You had 2 spell levels left.
You didn't know any spells.
Your spell library was empty.

Dungeon Overview and Level Annotations

Branches:
Dungeon (2/15)

Altars:

Shops:
D:2 (


Innate Abilities, Weirdness & Mutations

You sometimes gain a little power by taking damage.
You are partially covered in razor-sharp scales. (AC +1, Slay +1)


Message History

You hit the worm. Your punch misses the worm.
The worm is heavily wounded.
You puncture the worm!
The worm is almost dead.
The worm bites you but does no damage.
You hit the worm but do no damage.
The worm is severely wounded.
The worm closely misses you. The worm bites you.
You hit the worm.
The worm is severely wounded.
The worm bites you.
You hit the worm.
You kill the worm!
You hit the worm.
The worm is lightly wounded.
The worm barely misses you. The hobgoblin closely misses you.
You barely miss the worm. The hobgoblin hits you. The worm bites you.
You are too injured to fight recklessly!
You are too injured to fight recklessly!
You are too injured to fight recklessly!
You are too injured to fight recklessly!
You are too injured to fight recklessly!
You are too injured to fight recklessly!
You are too injured to fight recklessly!
You are too injured to fight recklessly!
You are too injured to fight recklessly!
You closely miss the hobgoblin. The hobgoblin hits you.
You barely miss the hobgoblin. The hobgoblin barely misses you.
You barely miss the hobgoblin. The hobgoblin closely misses you.
You hit the hobgoblin.
You kill the hobgoblin!
You barely miss the worm. You puncture the worm!
The worm is moderately wounded.
The worm bites you.
* * * LOW HITPOINT WARNING * * *
You barely miss the worm.
The worm is moderately wounded.
The worm bites you!
You die...

## # . .. ..# .# ∩.
#.###..##. #..##..##....
.#.#.?[!.... ....($.#..#
### #. #..##..#
..####.###†##).#
#......@w.....#
####.###†#####..#
#............†..#
####.#......#######....#
#...........# ..### .#
#.##.#......# ... .#
#.##.#......# ##.# .#
#.##.....##.# ... .#
#.######.##.# ##


You could see a worm.

Vanquished Creatures
  An adder (D:2)
  2 worms (D:2)
  3 endoplasms (D:1)
  2 goblins
  4 hobgoblins
  2 quokkas (D:1)
  5 ball pythons
  A bat (D:1)
  2 frilled lizards (D:1)
  5 kobolds
  4 rats
31 creatures vanquished.

Notes
Turn   | Place    | Note
-------+----------+-------------------------------------------
     0 | D:1      | ryw the Demonspawn Hunter began the quest for the Orb.
     0 | D:1      | Reached XP level 1. HP: 16/16 MP: 1/1
   164 | D:1      | Gained mutation: You are partially covered in razor-sharp
                  | scales. (AC +1, Slay +1) [demonic ancestry]
   164 | D:1      | Reached XP level 2. HP: 22/22 MP: 2/2
   755 | D:2      | Reached skill level 4 in Bows
   755 | D:2      | Gained mutation: You sometimes gain a little power by
                  | taking damage. [demonic ancestry]
   755 | D:2      | Reached XP level 3. HP: 27/28 MP: 3/3
   805 | D:2      | Found Qohyfaf's Weapon Shoppe.
   823 | D:2      | Slain by a worm

Illustrated notes

Levels and vault maps discovered:
D:1:      minmay_arrival_solitary_statue, layout_rooms
D:2:      layout_loops_ring, serial_shops, nicolae_shop_crystal,
          minmay_pentomino_p4

Skill      XL: |  1  2 |
---------------+-------+-----
Dodging        | 2 |  2.5
Bows           | 4 |  4.0
Fighting       | |  2.7
Stealth        | |  0.8

Action                   || total
-------------------------++-------
Melee: Short sword       ||    56
 Fire: Shortbow          ||    30
Armor: Leather armour    ||    20
Dodge: Dodged            ||    25

Table legend: (Time is in decaauts)
 A = Elapsed time spent in this place.
 B = Non-inter-level travel time spent in this place.
 C = Inter-level travel time spent in this place.
 D = Time resting spent in this place.
 E = Time spent auto-exploring this place.
 F = Levels seen in this place.
 G = Mean time per level.
                   A        B        C        D        E       F      G
               +--------+--------+--------+--------+--------+-----+--------+
         Total |    830 |    803 |     27 |      0 |    623 |   2 |  415.0 |
       Dungeon |    830 |    803 |     27 |      0 |    623 |   2 |  415.0 |
               +--------+--------+--------+--------+--------+-----+--------+

Top non-repeatable levels by time:
     D:1: 680 daAuts
     D:2: 149 daAuts
